[Event "Team 45 45 League T36"]
[Site "Internet Chess Club"]
[Date "2008.02.16"]
[Round "4"]
[White "JoshK"]
[Black "Two-DogMan"]
[Result "1-0"]
[WhiteElo "1505"]
[BlackElo "1533"]
[Opening "King's gambit"]
[ECO "C30"]
[Time "09:58:36"]
[TimeControl "2700+45"]

1. e4 e5 2. f4 d6 3. Nf3 Nc6 4. Nc3 exf4 5. Bc4 Be7 6. O-O Ne5 7. Nxe5 dxe5 8.
d4 exd4 9. Nb5 Bc5 10. Bxf4 Bb6 11. Bxf7+ Ke7 12. Bxg8 Rxg8 13. Bg5+ Ke8 14.
Bxd8 Kxd8 15. Nxd4 Bd7 16. Kh1 Re8 17. Qd3 Kc8 18. Rad1 Bg4 19. Nb3 Bxd1 20.
Rxd1 c6 21. Qd7+ Kb8 22. Qxe8+ Kc7 {Black resigns} 1-0

[Event "Team 45 45 League T36"]
[Site "Internet Chess Club"]
[Date "2008.02.17"]
[Round "4"]
[White "werty"]
[Black "gtm"]
[Result "0-1"]
[WhiteElo "1449"]
[BlackElo "1541"]
[Opening "Colle system"]
[ECO "D05"]
[Time "15:04:53"]
[TimeControl "2700+45"]

1. d4 d5 2. Nf3 Nf6 3. e3 e6 4. Bd3 c5 5. c3 cxd4 6. exd4 Bd6 7. O-O O-O 8. Bg5
Nbd7 9. Qc2 Re8 10. Bxh7+ Kh8 11. Bd3 g6 12. Re1 Kg7 13. Qd2 Rh8 14. Ne5 Rh5 15.
Qf4 Qh8 16. h4 Be7 17. Re3 Nf8 18. Rf3 N8h7 19. Rh3 Bd6 20. Be2 Nxg5 21. hxg5
Bxe5 22. Qxe5 Rxh3 23. Qxf6+ Kg8 24. gxh3 Qxh3 25. Qf3 Qh4 26. Qg4 Qh7 27. Nd2
e5 28. Qg3 e4 29. c4 Be6 30. cxd5 Bxd5 31. f3 e3 32. Ne4 Bxe4 33. fxe4 Kg7 34.
Qxe3 Rh8 35. Bf3 Qh2+ 36. Kf1 Qh3+ 37. Ke2 Rc8 38. Kd3 Qh2 39. Qe2 Qd6 40. Qd2
Qa6+ 41. Ke3 Qb5 42. Rc1 Rxc1 43. Qxc1 Qxg5+ {White resigns} 0-1

[Event "Team 45 45 League T36"]
[Site "Internet Chess Club"]
[Date "2008.02.17"]
[Round "4"]
[White "John3v16"]
[Black "Badu"]
[Result "0-1"]
[WhiteElo "1839"]
[BlackElo "1990"]
[Opening "English: symmetrical, Rubinstein system"]
[ECO "A34"]
[Time "04:56:26"]
[TimeControl "2700+45"]

1. c4 c5 2. Nc3 Nf6 3. g3 d5 4. cxd5 Nxd5 5. Bg2 Nc7 6. Qb3 Nd7 7. Nf3 e5 8. d3
Be7 9. Be3 O-O 10. Rc1 Rb8 11. O-O b6 12. Nb5 Nxb5 13. Qxb5 Bb7 14. b4 a6 15.
Qa4 cxb4 16. d4 exd4 17. Nxd4 Nc5 18. Qc2 Bxg2 19. Kxg2 Qd5+ 20. Kg1 Rfd8 21.
Rfd1 Qb7 22. Qb2 Na4 23. Qc2 Nc3 24. Rd3 Rbc8 25. Nf5 Bf8 26. Rxd8 Rxd8 27. a3
a5 28. Bd4 Nb5 29. Be3 Nxa3 30. Qc6 Qxc6 31. Rxc6 b5 32. Nd4 a4 33. Nc2 b3 34.
Nxa3 Bxa3 35. Bb6 b2 36. Bxd8 b1=Q+ 37. Kg2 {White resigns} 0-1

[Event "Team 45 45 League T36"]
[Site "Internet Chess Club"]
[Date "2008.02.14"]
[Round "4"]
[White "cayo89"]
[Black "hewdondada"]
[Result "1-0"]
[WhiteElo "1813"]
[BlackElo "1820"]
[Opening "Scandinavian (center counter) defense"]
[ECO "B01"]
[Time "20:03:57"]
[TimeControl "2700+45"]

1. e4 d5 2. exd5 Qxd5 3. Nc3 Qa5 4. d4 Nf6 5. Nf3 Ne4 6. Bd3 Bf5 7. O-O Nxc3 8.
bxc3 Bxd3 9. Qxd3 Nd7 10. Re1 O-O-O 11. Ng5 f5 12. Nf7 Rg8 13. Nxd8 Kxd8 14. Bd2
g6 15. Qc4 Nf6 16. Re5 Qb6 17. Rae1 Rg7 18. Bh6 Rg8 19. Re6 Bxh6 20. Rxb6 axb6
21. f3 Re8 22. Qe6 Bd2 23. Rd1 Bxc3 24. Rd3 Bb4 25. c4 c6 26. Rb3 Ba5 27. d5
cxd5 28. cxd5 Nd7 29. Rb1 Rf8 30. d6 Re8 31. dxe7+ Rxe7 32. Qd5 Re5 33. Qg8+ Kc7
34. Qxh7 Bd2 35. Rd1 Rd5 36. Kf1 g5 37. Qf7 Kc6 38. Ke2 Re5+ 39. Kxd2 Rd5+ 40.
Ke2 {Black resigns} 1-0

[Event "Team 45 45 League T36"]
[Site "Internet Chess Club"]
[Date "2008.02.19"]
[Round "4"]
[White "Knight77"]
[Black "Marichan"]
[Result "1-0"]
[WhiteElo "1895"]
[BlackElo "1825"]
[Opening "Réti: King's Indian attack"]
[ECO "A05"]
[Time "12:33:20"]
[TimeControl "2700+45"]

1. Nf3 Nf6 2. g3 g6 3. d3 Bg7 4. Bg2 O-O 5. O-O d6 6. Nbd2 Nc6 7. e4 e5 8. h3
Be6 9. Re1 Re8 10. Nf1 Qd7 11. Kh2 d5 12. g4 dxe4 13. dxe4 Qxd1 14. Rxd1 Nxe4
15. Kg1 f5 16. Ne3 Rad8 17. Nd2 Nxd2 18. Bxd2 e4 19. Bf1 Nd4 20. Bg2 f4 21. Nf1
f3 22. Bh1 Ne2+ 23. Kh2 Be5+ 24. Ng3 Nxg3 25. fxg3 Rd7 26. Bf4 Bxf4 27. gxf4
Red8 28. Re1 Rd2+ 29. Kg3 Bd5 30. Rac1 f2 31. Re3 Bc4 32. Bg2 f1=Q 33. Bxf1 Bxf1
34. Rxf1 Rxc2 35. Rxe4 Rxb2 36. Rc1 c6 37. a4 Rb3+ 38. Kh4 Rbd3 39. a5 Ra3 40.
Re7 Rb3 41. a6 bxa6 42. Rxc6 Rb6 43. Rcc7 Ra8 44. Rg7+ Kh8 45. Rxh7+ Kg8 46.
Rxa7 Rxa7 47. Rxa7 Rf6 48. Kg5 Rb6 49. f5 gxf5 50. gxf5 Kf8 51. h4 Kg8 52. h5
Kf8 53. h6 Kg8 54. f6 Kh8 55. Kg6 Rb8 56. Rxa6 Rg8+ 57. Kf7 Kh7 58. Ke7 Rg6 59.
Ra7 Kxh6 60. f7 Rg7 61. Ke8 Kg6 62. Ra6+ Kh7 {Black resigns} 1-0

[Event "Team 45 45 League T36"]
[Site "Internet Chess Club"]
[Date "2008.02.17"]
[Round "4"]
[White "A-Ru"]
[Black "kabindra"]
[Result "1-0"]
[WhiteElo "1890"]
[BlackElo "1798"]
[Opening "Queen's pawn game, Rubinstein (Colle-Zukertort) variation"]
[ECO "D05"]
[Time "10:01:05"]
[TimeControl "2700+45"]

1. d4 d5 2. Nf3 Nf6 3. e3 e6 4. Bd3 c5 5. b3 Nc6 6. Bb2 Bd6 7. Ne5 O-O 8. f4 Ne7
9. O-O b6 10. Nd2 Bb7 11. Qf3 Qc7 12. Qh3 Ne4 13. Ndf3 a5 14. Rac1 cxd4 15. Bxd4
Nf5 16. c4 Rac8 17. Rc2 Nxd4 18. exd4 Qe7 19. Re1 f6 20. cxd5 exd5 21. Nd7 Rfd8
22. Nxb6 Rxc2 23. Bxc2 Bxf4 24. Qf5 Qd6 25. Nxd5 Bxd5 26. Bxe4 Bxe4 27. Rxe4 Bh6
28. Qxa5 Qc6 29. Qxd8+ {Black resigns} 1-0

[Event "Team 45 45 League T36"]
[Site "Internet Chess Club"]
[Date "2008.02.16"]
[Round "4"]
[White "jaybird"]
[Black "nursey"]
[Result "1/2-1/2"]
[WhiteElo "1709"]
[BlackElo "1696"]
[Opening "QGD: exchange, positional line"]
[ECO "D35"]
[Time "12:58:49"]
[TimeControl "2700+45"]

1. d4 d5 2. c4 e6 3. Nc3 Nf6 4. cxd5 exd5 5. Bg5 Bg4 6. Qb3 b6 7. Bxf6 Qxf6 8.
Qxd5 c6 9. Qe4+ Be6 10. d5 cxd5 11. Nxd5 Qxb2 12. Rb1 Qxb1+ 13. Qxb1 Bxd5 14. e4
Bb7 15. Bb5+ Nc6 16. Qb2 O-O-O 17. Bxc6 Bxc6 18. f3 Kd7 19. Ne2 g6 20. O-O Bc5+
21. Kh1 Rhe8 22. Qf6 Bb5 23. Qb2 Bc6 24. Nf4 h5 25. Rd1+ Kc7 26. Nd5+ Bxd5 27.
exd5 Rxd5 28. Rc1 Rde5 29. g3 Re2 30. Rc2 Re1+ 31. Kg2 a6 32. a4 Kd7 33. Rd2+
Kc7 34. Qc2 Kc6 35. Qc4 b5 36. Qd5+ Kb6 37. a5+ Kxa5 38. Qxc5 R8e2+ 39. Rxe2
Rxe2+ 40. Kg1 Ka4 41. Qd5 Kb4 42. Qd6+ Ka5 43. Qd8+ Kb4 44. Qd4+ Ka5 45. Qd8+
Kb4 46. Qd4+ Ka5 47. Qd8+ {Game drawn by repetition} 1/2-1/2

[Event "Team 45 45 League T36"]
[Site "Internet Chess Club"]
[Date "2008.02.16"]
[Round "4"]
[White "boozehound"]
[Black "tammany"]
[Result "0-1"]
[WhiteElo "1655"]
[BlackElo "1627"]
[Opening "Sicilian defense"]
[ECO "B40"]
[Time "16:03:29"]
[TimeControl "2700+45"]

1. e4 c5 2. Nf3 e6 3. c3 d5 4. Qa4+ Bd7 5. Bb5 Nc6 6. exd5 exd5 7. O-O Nf6 8. d4
a6 9. Bxc6 Bxc6 10. Qc2 Be7 11. dxc5 Bxc5 12. Re1+ Be7 13. Qe2 Ne4 14. Nbd2 O-O
15. Nxe4 dxe4 16. Ne5 Rc8 17. Nxc6 Rxc6 18. Qc2 Re6 19. Bf4 Qb6 20. b3 f5 21.
Rad1 Bd6 22. Be3 Qc7 23. g3 f4 24. Bxf4 Bxf4 25. gxf4 Rg6+ 26. Kf1 Qxf4 27. Rxe4
Qxh2 28. Rd2 Qg1+ 29. Ke2 Qxf2+ 30. Kd3 Rg3+ 31. Kc4 Rc8+ 32. Kb4 Qc5+ 33. Ka4
b5+ 34. Ka5 Rg6 35. Qd3 Qa3+ {White resigns} 0-1

[Event "Team 45 45 League T36"]
[Site "Internet Chess Club"]
[Date "2008.02.15"]
[Round "4"]
[White "Raisingthebar"]
[Black "Nosferatu1"]
[Result "1-0"]
[WhiteElo "2012"]
[BlackElo "1804"]
[Opening "Sicilian: accelerated fianchetto, modern variation with Bc4"]
[ECO "B35"]
[Time "20:06:12"]
[TimeControl "2700+45"]

1. e4 c5 2. Nf3 Nc6 3. d4 cxd4 4. Nxd4 g6 5. Nc3 Bg7 6. Be3 Nf6 7. Bc4 O-O 8.
Bb3 Na5 9. e5 Nh5 10. g4 Bxe5 11. gxh5 Nxb3 12. axb3 d6 13. h4 Bg7 14. hxg6 fxg6
15. h5 e5 16. Ndb5 Qf6 17. Nd5 Qf3 18. Qxf3 Rxf3 19. Nbc7 Rb8 20. Bxa7 {Black
resigns} 1-0

[Event "Team 45 45 League T36"]
[Site "Internet Chess Club"]
[Date "2008.02.22"]
[Round "4"]
[White "AVEMARIA"]
[Black "vvsi"]
[Result "0-1"]
[WhiteElo "1766"]
[BlackElo "1825"]
[Opening "Caro-Kann: advance variation"]
[ECO "B12"]
[Time "20:00:36"]
[TimeControl "2700+45"]

1. e4 c6 2. d4 d5 3. e5 c5 4. dxc5 e6 5. b4 a5 6. c3 Nc6 7. Bb5 Bd7 8. Bxc6 Bxc6
9. Nf3 b6 10. Nd4 Qc7 11. b5 Qxe5+ 12. Qe2 Qxe2+ 13. Kxe2 Bd7 14. c6 Bc8 15. Ba3
Ne7 16. Re1 g6 17. Kf1 Bg7 18. Nd2 e5 19. Bd6 f6 20. a4 Kf7 21. Rad1 Re8 22.
N4b3 Be6 23. Ba3 f5 24. Bb2 h6 25. f4 exf4 26. Nd4 Nc8 27. N2f3 Bxd4 28. cxd4
Nd6 29. Ne5+ Kf6 30. Nd7+ Bxd7 31. cxd7 Re7 32. Ba3 Rxd7 33. Bxd6 Rxd6 34. Rc1
Ra7 35. Kf2 Re7 36. Rxe7 Kxe7 37. Kf3 Re6 38. Rc7+ Kf6 39. Rc6 g5 40. h4 Rxc6
41. hxg5+ hxg5 42. bxc6 Ke6 {White resigns} 0-1

[Event "Team 45 45 League T36"]
[Site "Internet Chess Club"]
[Date "2008.02.16"]
[Round "4"]
[White "Ziah"]
[Black "cityprosecutor"]
[Result "0-1"]
[WhiteElo "1538"]
[BlackElo "1743"]
[Opening "Sicilian: Smith-Morra gambit"]
[ECO "B21"]
[Time "19:10:25"]
[TimeControl "2700+45"]

1. e4 c5 2. d4 cxd4 3. c3 dxc3 4. Nxc3 e6 5. Bf4 d6 6. Nb5 e5 7. Rc1 Nc6 8. Be3
a6 9. Nc3 Nf6 10. Nd5 Nxd5 11. exd5 Qa5+ 12. Rc3 Ne7 13. Qb3 Nxd5 14. Bc4 Nxc3
15. bxc3 Qc7 16. Bb6 Qe7 17. Nf3 g6 18. h4 h6 19. O-O Bg7 20. Re1 O-O 21. g3 Be6
22. Bxe6 Qxe6 23. Qc2 {White resigns} 0-1

[Event "Team 45 45 League T36"]
[Site "Internet Chess Club"]
[Date "2008.02.17"]
[Round "4"]
[White "fantanaranja"]
[Black "siddhu"]
[Result "1-0"]
[WhiteElo "1821"]
[BlackElo "1797"]
[Opening "QGD Slav: Slav gambit"]
[ECO "D15"]
[Time "15:39:51"]
[TimeControl "2700+45"]

1. d4 d5 2. Nf3 Nf6 3. c4 c6 4. Nc3 dxc4 5. e4 b5 6. Be2 e6 7. O-O Bb7 8. Qc2
Nbd7 9. Bg5 Be7 10. a4 a6 11. Rab1 h6 12. Bh4 O-O 13. Rfd1 b4 14. e5 Nd5 15.
Bxe7 Qxe7 16. Ne4 c5 17. dxc5 Nxc5 18. Nd6 c3 19. bxc3 Nxc3 20. Rxb4 Nxd1 21.
Qxc5 Rfc8 22. Rxb7 Rxc5 23. Rxe7 Rc1 24. Bf1 Rb8 25. Rxf7 Rbb1 26. Nd2 Nc3 27.
g3 Rb6 28. Rc7 Ne2+ 29. Kg2 Nf4+ 30. gxf4 Rxc7 31. Bc4 Rb4 32. a5 Rc5 33. Bxe6+
Kf8 34. N2c4 g5 35. f5 h5 36. f6 h4 37. h3 Rb8 38. Bf7 Rc7 39. e6 Rxf7 40. Nxf7
Rb5 41. Nfd6 {Black resigns} 1-0

[Event "Team 45 45 League T36"]
[Site "Internet Chess Club"]
[Date "2008.02.17"]
[Round "4"]
[White "Bega"]
[Black "IceBox"]
[Result "1/2-1/2"]
[WhiteElo "1775"]
[BlackElo "1705"]
[Opening "French: Rubinstein variation"]
[ECO "C03"]
[Time "11:01:06"]
[TimeControl "2700+45"]

1. e4 e6 2. d4 d5 3. Nd2 dxe4 4. Nxe4 Nd7 5. Nf3 Ngf6 6. Bd3 Nxe4 7. Bxe4 Nf6 8.
Bd3 Be7 9. O-O O-O 10. h3 b6 11. b3 Bb7 12. Bb2 c5 13. dxc5 Bxc5 14. Qe2 Qe7 15.
Rad1 Rad8 16. Ne5 Nd5 17. Qe4 Nf6 18. Qh4 h6 19. Ng4 Nxg4 20. Qxg4 Qg5 21. Qxg5
hxg5 22. Bc1 f6 23. Bc4 Bd5 24. Bxd5 Rxd5 25. Rxd5 exd5 26. Rd1 Rd8 27. Bb2 Kf7
28. Kf1 Ke6 29. c4 Rd7 30. Re1+ Kf7 31. Rd1 Ke6 32. cxd5+ Rxd5 33. Rxd5 Kxd5 34.
Ke2 Bd4 35. Ba3 Bc5 36. Bb2 Bd4 37. Bc1 a6 38. f3 b5 39. Kd3 Be5 40. Bd2 Bd6 41.
b4 Be5 42. Bc1 Bd6 43. a3 Be5 44. Kc2 {Game drawn by mutual agreement} 1/2-1/2

[Event "Team 45 45 League T36"]
[Site "Internet Chess Club"]
[Date "2008.02.14"]
[Round "4"]
[White "Dbronstein06"]
[Black "parrot9"]
[Result "1/2-1/2"]
[WhiteElo "1701"]
[BlackElo "1656"]
[Opening "Sicilian: Najdorf, Lipnitzky attack"]
[ECO "B86"]
[Time "17:06:26"]
[TimeControl "2700+45"]

1. e4 c5 2. Nf3 d6 3. d4 cxd4 4. Nxd4 Nf6 5. Nc3 a6 6. Bc4 e6 7. Bb3 Be7 8. O-O
O-O 9. Qf3 Qc7 10. Qg3 Rd8 11. Bh6 Bf8 12. Kh1 Nc6 13. Nxc6 Qxc6 14. Rae1 b5 15.
f4 Bb7 16. e5 dxe5 17. fxe5 Nh5 18. Qg4 Qxg2+ 19. Qxg2 Bxg2+ 20. Kxg2 gxh6 21.
Kh3 Ng7 22. Rg1 Kh8 23. Ref1 Nf5 24. Ne4 Be7 {Game drawn by mutual agreement}
1/2-1/2

[Event "Team 45 45 League T36"]
[Site "Internet Chess Club"]
[Date "2008.02.17"]
[Round "4"]
[White "Gil-galad"]
[Black "alegro"]
[Result "1/2-1/2"]
[WhiteElo "2086"]
[BlackElo "2143"]
[Opening "Modern defense"]
[ECO "A40"]
[Time "14:06:39"]
[TimeControl "2700+45"]

1. d4 g6 2. Nf3 Bg7 3. c4 c5 4. d5 d6 5. Nc3 Bxc3+ 6. bxc3 f5 7. Qc2 Nf6 8. e3
Qa5 9. Bb2 Nbd7 10. Be2 Nb6 11. Nd2 Bd7 12. Nb3 Qa6 13. Qd3 O-O-O 14. O-O e6 15.
dxe6 Bxe6 16. Nd2 Na4 17. Rfb1 Nd7 18. Qc2 Ne5 19. Qb3 Nb6 20. Qb5 Bxc4 21. Qxa6
Bxa6 22. Bxa6 bxa6 23. e4 f4 24. f3 Rhg8 25. a4 Kc7 26. a5 Nbc4 27. Nxc4 Nxc4
28. Bc1 g5 29. Kf2 Rb8 30. Rxb8 Rxb8 31. g3 Rf8 32. gxf4 gxf4 33. Ra4 Ne5 34.
Ke2 c4 35. Rb4 Kc6 36. Bd2 Rf7 37. Bc1 h5 38. Rb8 Nd3 39. Ba3 Rg7 40. Rc8+ Kb5
41. Bxd6 Rg2+ 42. Kd1 Rxh2 43. Rf8 Rf2 44. Rf5+ Ka4 45. Bxf4 Rxf3 46. Bb8 Re3
{Game drawn by mutual agreement} 1/2-1/2

[Event "Team 45 45 League T36"]
[Site "Internet Chess Club"]
[Date "2008.02.16"]
[Round "4"]
[White "RedAttack"]
[Black "The7thGuest"]
[Result "1-0"]
[WhiteElo "2024"]
[BlackElo "2050"]
[Opening "Queen's pawn game"]
[ECO "A46"]
[Time "08:39:27"]
[TimeControl "2700+45"]

1. Nf3 Nf6 2. d4 c5 3. c3 b6 4. g3 Bb7 5. Bg2 e6 6. O-O Be7 7. Re1 O-O 8. Nbd2
d6 9. Qc2 Nbd7 10. e4 cxd4 11. cxd4 Rc8 12. Qd3 Qc7 13. b3 Qc3 14. Qb1 Qc2 15.
Qxc2 Rxc2 16. Ba3 Rfc8 17. e5 Ne8 18. Nc4 d5 19. Nxb6 Bxa3 20. Nxd7 Rd8 21. Nc5
Bxc5 22. dxc5 Rxc5 23. Rec1 Rdc8 24. Rxc5 Rxc5 25. Nd4 Nc7 26. Kf1 Ba6+ 27. Ke1
Nb5 28. Ne2 Na3 29. Rc1 Rxc1+ 30. Nxc1 f6 31. exf6 gxf6 32. f4 d4 33. Kd2 e5 34.
fxe5 fxe5 35. Nd3 Nb1+ 36. Kc2 Bxd3+ 37. Kxd3 Nc3 38. a4 Kf7 39. Be4 h6 40. a5
Ke7 41. g4 Nd1 42. Bf3 Nf2+ 43. Ke2 Nh3 44. b4 Kd6 45. b5 Ng5 46. h4 Ne6 47. b6
a6 48. Bb7 Nc5 49. Bc8 e4 50. g5 hxg5 51. h5 Nd3 52. h6 Nf4+ 53. Ke1 e3 54. Bxa6
d3 55. Bxd3 Nxd3+ 56. Ke2 Nf4+ 57. Kxe3 Nd5+ 58. Ke4 Nf6+ 59. Kf5 Nh7 60. a6 Kc6
61. a7 Kb7 62. Ke6 g4 63. Kd6 Nf6 64. h7 Ne4+ 65. Ke5 Ng5 66. a8=Q+ Kxa8 67.
h8=Q+ {Black resigns} 1-0

[Event "Team 45 45 League T36"]
[Site "Internet Chess Club"]
[Date "2008.02.15"]
[Round "4"]
[White "livis"]
[Black "cesaralexander"]
[Result "1-0"]
[WhiteElo "1957"]
[BlackElo "1913"]
[Opening "French: Labourdonnais variation"]
[ECO "C00"]
[Time "15:43:01"]
[TimeControl "2700+45"]

1. e4 e6 2. f4 d5 3. e5 c5 4. Nf3 Nc6 5. Be2 Qb6 6. d3 Nh6 7. c3 Be7 8. O-O Bd7
9. b3 c4+ 10. d4 cxb3 11. axb3 Na5 12. b4 Nc4 13. Bxc4 dxc4 14. Nbd2 Qc6 15. Qe2
b5 16. Ne4 Qc7 17. Bd2 Bc6 18. Ra5 Qb7 19. Nc5 Bxc5 20. bxc5 Nf5 21. Rfa1 O-O
22. Kf2 Rfd8 23. g4 Ne7 24. h4 Qc7 25. Ng5 Qd7 26. Ne4 Qd5 27. Re1 Kf8 28. Ra6
f5 29. exf6 gxf6 30. Rxc6 Qxc6 31. Nxf6 Kg7 32. Qe5 Ng6 33. Nh5+ Kf7 34. Qf6+
Ke8 35. Rxe6+ {Black resigns} 1-0

[Event "Team 45 45 League T36"]
[Site "Internet Chess Club"]
[Date "2008.02.16"]
[Round "4"]
[White "ARMAND01968"]
[Black "rubo"]
[Result "1/2-1/2"]
[WhiteElo "1774"]
[BlackElo "1757"]
[Opening "Queen's pawn game"]
[ECO "A45"]
[Time "13:29:42"]
[TimeControl "2700+45"]

1. d4 Nf6 2. e3 g6 3. Nf3 Bg7 4. c4 c5 5. Nc3 O-O 6. Bd3 cxd4 7. exd4 d6 8. O-O
Bg4 9. Be3 Nc6 10. h3 Bxf3 11. Qxf3 e5 12. d5 Nd4 13. Qd1 a6 14. Ne4 Nxe4 15.
Bxe4 f5 16. Bd3 f4 17. Bxd4 exd4 18. Qg4 Qc8 19. Qe6+ Qxe6 20. dxe6 Rae8 21. Be4
Re7 22. Bd5 Be5 23. Rab1 Kg7 24. b4 b6 25. a4 Rc8 26. Rb3 h5 27. Rfb1 Rec7 28.
a5 bxa5 29. bxa5 Ra7 30. Rb7+ Rc7 31. Rxc7+ Rxc7 32. Rb6 Ra7 33. Rb7+ Rxb7 34.
Bxb7 Kf6 35. Bxa6 d3 36. Kf1 d2 37. Ke2 Bc3 38. Bc8 Bxa5 39. Kd1 Ke7 40. Bd7 h4
41. f3 g5 42. Ke2 Bb4 43. Kd1 Ba5 {Game drawn by mutual agreement} 1/2-1/2

[Event "Team 45 45 League T36"]
[Site "Internet Chess Club"]
[Date "2008.02.16"]
[Round "4"]
[White "cappelo-upgrate"]
[Black "FutureCA"]
[Result "1-0"]
[WhiteElo "2036"]
[BlackElo "1868"]
[Opening "King's Indian: Sämisch, orthodox, 7.d5 c6"]
[ECO "E88"]
[Time "13:00:08"]
[TimeControl "2700+45"]

1. d4 Nf6 2. c4 g6 3. Nc3 Bg7 4. e4 d6 5. f3 O-O 6. Be3 e5 7. d5 c6 8. Bd3 b5 9.
dxc6 bxc4 10. Bxc4 Nxc6 11. Rc1 Be6 12. Nd5 Rc8 13. Ne2 Nd7 14. O-O Kh8 15. Ba6
Rc7 16. Nxc7 Qxc7 17. b4 Ndb8 18. b5 Qa5 19. bxc6 Nxa6 20. Qxd6 Rd8 21. Qe7 Rc8
22. Rfd1 h5 23. Qxa7 Qxa2 24. Nc3 Qc4 25. Nd5 Qe2 26. Rd2 Qb5 27. Ne7 {Black
resigns} 1-0

[Event "Team 45 45 League T36"]
[Site "Internet Chess Club"]
[Date "2008.02.21"]
[Round "4"]
[White "matein7"]
[Black "JoshuaFranzj"]
[Result "1/2-1/2"]
[WhiteElo "1934"]
[BlackElo "1906"]
[Opening "QGD Slav: 4.Nc3"]
[ECO "D15"]
[Time "21:52:48"]
[TimeControl "2700+45"]

1. d4 d5 2. c4 c6 3. Nc3 Nf6 4. Nf3 a6 5. cxd5 Nxd5 6. e4 Nxc3 7. bxc3 Bg4 8.
Be2 Nd7 9. O-O e6 10. h3 Bh5 11. Bf4 Be7 12. Rb1 b5 13. d5 cxd5 14. exd5 O-O 15.
Nd4 Bxe2 16. Qxe2 e5 17. Nc6 Qe8 18. Rfe1 f6 19. c4 bxc4 20. Qxc4 Bd6 21. Bd2
Nc5 22. Be3 Nd7 23. Rb7 Qc8 24. Reb1 a5 25. Nxa5 Rxa5 26. Qxc8 Rxc8 27. Rxd7 Bf8
28. Ra7 Rxa7 29. Bxa7 Rc2 30. a4 Ra2 31. Rb8 Kf7 32. Rb7+ Kg6 33. Bb8 Rxa4 34.
d6 Rd4 35. d7 Rd1+ 36. Kh2 Be7 37. Ba7 Kf7 38. Bb6 Ke6 39. d8=Q Bxd8 40. Bxd8
Rxd8 41. Rxg7 Rh8 42. Kg3 Kf5 43. Kf3 Ke6 44. g4 h5 45. Ra7 hxg4+ 46. hxg4 Rg8
47. Ra6+ Ke7 {Game drawn by mutual agreement} 1/2-1/2

[Event "Team 45 45 League T36"]
[Site "Internet Chess Club"]
[Date "2008.02.15"]
[Round "4"]
[White "frothyjowels"]
[Black "jakesnake"]
[Result "1-0"]
[WhiteElo "1874"]
[BlackElo "1899"]
[Opening "Scotch gambit"]
[ECO "C44"]
[Time "19:58:01"]
[TimeControl "2700+45"]

1. e4 e5 2. Nf3 Nc6 3. d4 exd4 4. Bc4 d6 5. Nxd4 Nxd4 6. Qxd4 Be6 7. Nc3 c6 8.
Be3 Nf6 9. O-O-O Be7 10. Rhe1 O-O 11. e5 c5 12. Qf4 Ne8 13. Nd5 Bxd5 14. Bxd5
Qc7 15. e6 f5 16. h4 Rc8 17. Bd2 b5 18. Bc3 b4 19. Bd2 a5 20. h5 c4 21. c3 Qc5
22. Bf3 Nf6 23. Be3 Qb5 24. Bd4 h6 25. Qg3 Qe8 26. Qg6 bxc3 27. Bxc3 Qa4 28. Kb1
Rb8 29. Rd5 Rb5 30. Rxb5 Qxb5 31. g4 Ne8 32. g5 Bxg5 33. e7 Rf7 34. Qe6 Nc7 35.
e8=Q+ Nxe8 36. Qxe8+ Qxe8 37. Rxe8+ Kh7 38. Bxa5 Rd7 39. Bd5 g6 40. Bc3 gxh5 41.
Bg8+ Kg6 42. Re6+ Bf6 {Black resigns} 1-0

[Event "Team 45 45 League T36"]
[Site "Internet Chess Club"]
[Date "2008.02.17"]
[Round "4"]
[White "MrShaw"]
[Black "touchthis"]
[Result "1/2-1/2"]
[WhiteElo "1903"]
[BlackElo "1777"]
[Opening "French: Tarrasch, Guimard variation"]
[ECO "C04"]
[Time "15:01:45"]
[TimeControl "2700+45"]

1. e4 e6 2. d4 d5 3. Nd2 Nc6 4. exd5 Qxd5 5. Nb3 Nf6 6. Nf3 Be7 7. Be2 O-O 8.
O-O b6 9. Re1 Bb7 10. c4 Qd8 11. Bg5 h6 12. Bh4 Nh7 13. Bxe7 Nxe7 14. Qc2 Nf6
15. Rad1 Be4 16. Qc3 Ng6 17. g3 Qb8 18. Nbd2 c6 19. Nxe4 Nxe4 20. Qe3 Nf6 21.
Ne5 Nxe5 22. dxe5 Ne8 23. Rd7 a6 24. Qe4 c5 25. Bd3 f5 26. exf6 Nxf6 27. Qxe6+
Kh8 28. Qf5 Re8 29. Ree7 Rxe7 30. Rxe7 Qg8 31. Qg6 Re8 32. Rb7 Rb8 33. Rxb8 Qxb8
34. h4 Qe5 35. g4 Qf4 36. Bf5 Qc1+ 37. Kg2 Qxc4 38. g5 Qd5+ 39. f3 Qd2+ 40. Kg3
Qe1+ 41. Kg2 Qe2+ 42. Kg3 Qe1+ 43. Kg2 {Game drawn by mutual agreement} 1/2-1/2

[Event "Team 45 45 League T36"]
[Site "Internet Chess Club"]
[Date "2008.02.19"]
[Round "4"]
[White "searchforbobby1"]
[Black "kevrose07"]
[Result "1-0"]
[WhiteElo "2187"]
[BlackElo "1936"]
[Opening "French: Winawer, advance, 5.a3"]
[ECO "C17"]
[Time "19:59:47"]
[TimeControl "2700+45"]

1. e4 e6 2. d4 d5 3. Nc3 Bb4 4. e5 c5 5. a3 cxd4 6. axb4 dxc3 7. Qg4 cxb2 8.
Bxb2 Qb6 9. b5 g6 10. Bd3 Nd7 11. Bd4 Qc7 12. Nf3 Ne7 13. O-O b6 14. c4 Nc5 15.
Be2 Nf5 16. Bb2 h5 17. Qf4 Bb7 18. Rac1 O-O 19. cxd5 Bxd5 20. Nd4 Nxd4 21. Bxd4
Qe7 22. Rc3 g5 23. Bxc5 bxc5 24. Rg3 f6 25. exf6 Qxf6 26. Rxg5+ Kh7 27. Bd3+
{Black resigns} 1-0

[Event "Team 45 45 League T36"]
[Site "Internet Chess Club"]
[Date "2008.02.17"]
[Round "4"]
[White "Archdruid"]
[Black "MPknight"]
[Result "1/2-1/2"]
[WhiteElo "1820"]
[BlackElo "1719"]
[Opening "Caro-Kann: classical variation"]
[ECO "B18"]
[Time "09:07:11"]
[TimeControl "2700+45"]

1. e4 c6 2. d4 d5 3. Nd2 dxe4 4. Nxe4 Bf5 5. Ng3 Bg6 6. Nf3 Nd7 7. Bc4 e6 8. O-O
Ngf6 9. Ng5 Be7 10. Bxe6 fxe6 11. Nxe6 Qb6 12. Nxg7+ Kf7 13. N7f5 Rae8 14. Nxe7
Rxe7 15. c3 Kg7 16. Qf3 Qd8 17. Nf5+ Bxf5 18. Qxf5 Qe8 19. Qh3 Qg6 20. f4 Qg4
21. Qd3 Qe2 22. Qf5 Qg4 23. Qg5+ Qxg5 24. fxg5 Nd5 25. c4 Ne3 26. Bxe3 Rxe3 27.
Rae1 Rhe8 28. Kf2 Rxe1 29. Rxe1 Rxe1 30. Kxe1 Kg6 31. h4 Kf5 32. Kd2 Kg4 33. g3
Kxg3 34. h5 Kg4 35. g6 hxg6 36. hxg6 Kg5 37. g7 Nf6 38. d5 cxd5 39. cxd5 Kg6 40.
g8=Q+ Nxg8 41. Ke3 Nf6 42. Kd4 Nd7 43. a4 Kf6 44. a5 Ke7 45. b3 Kd6 46. Kc4 Nf6
47. Kd4 Nxd5 48. Kc4 Kc6 49. Kd4 a6 50. Kc4 Nc7 51. Kb4 Kd5 52. Ka4 Kc5 53. b4+
Kc4 54. b5 Nxb5 {White stalemated} 1/2-1/2

[Event "Team 45 45 League T36"]
[Site "Internet Chess Club"]
[Date "2008.02.17"]
[Round "4"]
[White "RingLord"]
[Black "OOB1"]
[Result "0-1"]
[WhiteElo "1546"]
[BlackElo "1563"]
[Opening "Sicilian defense"]
[ECO "B32"]
[Time "21:02:55"]
[TimeControl "2700+45"]

1. e4 c5 2. Nf3 Nc6 3. d4 cxd4 4. Nxd4 a6 5. Nc3 e5 6. Nf5 d6 7. Ne3 Nf6 8. Bc4
b5 9. Bb3 Bb7 10. f3 Nd4 11. Bd5 Bxd5 12. Ncxd5 Nxd5 13. Nxd5 Be7 14. O-O O-O
15. Be3 Ne6 16. Qe2 Bg5 17. Bb6 Qd7 18. c3 Bd8 19. Be3 Rb8 20. Rfd1 Nc7 21. a3
Nxd5 22. Rxd5 Bb6 23. Rad1 Bc7 24. Rxe5 Qc6 25. Red5 Rfd8 26. Qf2 a5 27. Qg3 Bb6
28. Bxb6 Qxb6+ 29. R1d4 b4 30. axb4 axb4 31. cxb4 Qa7 32. Qf2 Qa1+ 33. Rd1 Qa4
34. Qd2 Rxb4 35. Rxd6 Rxd6 36. Qxd6 h6 37. Qd7 Qc2 38. Qd2 Qc5+ 39. Kf1 Qb5+ 40.
Qd3 Qe5 41. Qc3 Qb5+ 42. Kg1 Rxb2 43. Qc8+ Kh7 44. Qf5+ Qxf5 45. exf5 Rb5 46. g4
Rb2 47. h4 f6 48. Rf1 h5 49. Rf2 Rb4 50. Rg2 g6 51. fxg6+ Kxg6 52. Kh2 f5 53.
Kh3 fxg4+ 54. fxg4 hxg4+ 55. Kg3 Kh5 56. Rg1 Rb3+ 57. Kf4 Rf3+ 58. Ke4 Kxh4 59.
Rh1+ Kg3 60. Rg1+ Kh3 61. Rh1+ Kg2 62. Ra1 g3 63. Ra2+ Rf2 64. Ra1 Rf1 65. Ra2+
Kg1 66. Ra8 g2 67. Ke3 Re1+ 68. Kd2 Re6 69. Rf8 Re5 70. Rf7 Kh2 71. Rh7+ Kg3 72.
Rg7+ Kf3 73. Rf7+ Kg4 74. Rg7+ Rg5 {White resigns} 0-1